 Dungeon Crawl Stone Soup version 0.31.0-11-ge490571c62 (webtiles) character file.

Game seed: 15142640363504188414

66 jasper the Poker (level 3, -5/29 HPs)
             Began as a Mummy Fighter on Jan 28, 2024.
             Slain by an orc priest
             ... wielding a +0 war axe
              (10 damage)
             ... on level 3 of the Dungeon.
             The game lasted 00:02:32 (1640 turns).

jasper the Poker (Mummy Fighter)                    Turns: 1640, Time: 00:02:32

Health: -5/29      AC:  6    Str: 19    XL:     3   Next: 96%
Magic:  3/3        EV:  9    Int: 15    God:
Gold:   123        SH:  4    Dex: 11    Spells: 2/2 levels left

rFire   . . .        a - +1 trident
rCold   . . .        c - +0 buckler
rNeg    + + +        b - +0 scale mail
rPois   ∞            (no helmet)
rElec   .            (no cloak)
rCorr   .            (no gloves)
SInv    .            (no boots)
Will    .....        (no amulet) Stlth
                     d - +6 ring of intelligence
HPRegen 0.24/turn    f - ring of fire
MPRegen 0.08/turn

%: faith
@: no status effects
A: cold resistance 1, negative energy resistance 3, torment resistance 2, heat
vulnerability 1, in touch with death 1, no potions, faith
a: no special abilities


You were on level 3 of the Dungeon.
You visited 1 branch of the dungeon, and saw 3 of its levels.

You collected 123 gold pieces.

Inventory:

Hand Weapons
 a - a +1 trident (weapon)
Missiles
 e - 18 stones (quivered)
Armour
 b - a +0 scale mail (worn)
 c - a +0 buckler (worn)
Jewellery
 d - a +6 ring of intelligence (left hand)
 f - a ring of fire (right hand)
Scrolls
 h - 2 scrolls of identify


   Skills:
 - Level 3.0 Fighting
 + Level 3.5 Polearms
 - Level 2.4 Armour
 - Level 2.4 Shields


You had 2 spell levels left.
You didn't know any spells.
Your spell library contained the following spells:

 Spells                   Type           Power      Damage    Failure   Level
 Summon Small Mammal      Summ           0%         N/A       71%         1
 Call Canine Familiar     Summ           0%         N/A       97%         3
 Summon Blazeheart Golem  Fire/Summ      0%         N/A       100%        4


Dungeon Overview and Level Annotations

Branches:
Dungeon (3/15)

Altars:


Innate Abilities, Weirdness & Mutations

You are immune to poison.
Your flesh is cold resistant. (rC+)
You are immune to negative energy. (rN+++)
You are immune to unholy pain and torment.
You are vulnerable to heat. (rF-)
You are in touch with the powers of death.
You do not drink.
You have a special connection with the divine. (Faith)


Message History

You closely miss the orc.
The orc is almost dead.
The orc misses you.
You barely miss the orc.
The orc is almost dead.
The orc hits you but does no damage. x2
You closely miss the orc.
The orc is almost dead.
An orc comes into view. It is wielding a +0 flail.
The orc closely misses you.
You puncture the orc!
You kill the orc!
The orc priest invokes the aid of Beogh against you.
Beogh smites you! The orc hits you but does no damage.
The orc priest barely misses you.
Things that are here:
17 gold pieces; a +0 club You can't drink.
Unknown command.
You hit the orc priest but do no damage.
The orc priest barely misses you.
Okay, then.
You barely miss the orc priest.
The orc priest hits you but does no damage.
You hit the orc priest but do no damage.
The orc priest barely misses you.
The orc priest hits you with a +0 war axe.
You completely miss the orc priest. The orc priest misses you.
You closely miss the orc priest.
The orc priest hits you with a +0 war axe.
Okay, then.
You hit the orc priest.
The orc priest is lightly wounded.
The orc priest invokes the aid of Beogh against you.
Beogh smites you!
* * * LOW HITPOINT WARNING * * *
You barely miss the orc priest.
The orc priest is lightly wounded.
The orc priest hits you with a +0 war axe!
You die...

#.............<.................
#...............#...............
##.#####...########..............
...# #...# #.............. ..##
#...# ####.########## ### #...#
#.# #...### #######.# .
#.......## # .####.#@####...##.##
......#o####........
....b.bo..##...##.#.
.#.##.#.#.##.### .. ...#.#.##.#
## .## #......# # #####.## #.#
#.#


You could see an orc priest, an orc and a bat.

Vanquished Creatures
  2 adders (D:3)
  2 dart slugs
  An orc (D:3)
  4 endoplasms (D:1)
  A giant cockroach (D:1)
  4 goblins
  2 hobgoblins (D:2)
  5 jackals
  2 quokkas (D:1)
  2 ball pythons (D:1)
  6 bats
  2 frilled lizards
  3 kobolds (D:1)
  4 rats
40 creatures vanquished.

Notes
Turn   | Place    | Note
-------+----------+-------------------------------------------
     0 | D:1      | jasper the Mummy Fighter began the quest for the Orb.
     0 | D:1      | Reached XP level 1. HP: 18/18 MP: 1/1
   150 | D:1      | Reached XP level 2. HP: 23/24 MP: 2/2
   490 | D:1      | Reached XP level 3. HP: 29/29 MP: 3/3
  1640 | D:3      | Slain by an orc priest

Illustrated notes

Levels and vault maps discovered:
D:1:      nicolae_arrival_escape_room, layout_basic, serial_bayou_lake_a
D:2:      layout_basic
D:3:      layout_loops_cross, minmay_misc_feat_more_columns,
          saegor_snake_ambush, uniq_pargi

Skill      XL: |  1  2  3 |
---------------+----------+-----
Polearms       | 2 3 |  3.5
Fighting       | |  3.0
Armour         | |  2.4
Shields        | |  2.4

Action                     || total
---------------------------++-------
  Melee: Trident           ||   152
    Use: Scroll            ||     3
 Armour: Scale mail        ||    78
  Dodge: Dodged            ||    83
  Block: Buckler           ||    44
